 Dungeon Crawl Stone Soup version 0.18-a0-1539-g1c7284a (webtiles) character file.

46 SlimeFever the Charmwright (level 3, -2/24 HPs)
             Began as a High Elf Skald on Mar 9, 2016.
             Slain by a gnoll
             ... wielding a +0 club
              (5 damage)
             ... on level 2 of the Dungeon.
             The game lasted 00:06:54 (862 turns).

SlimeFever the Charmwright (High Elf Skald)          Turns: 862, Time: 00:06:54

Health: -2/24      AC:  3    Str: 11    XL:     3   Next: 46%
Magic:  7/8        EV: 11    Int: 15    God:
Gold:   24         SH:  0    Dex: 16    Spells: 2 memorised, 5 levels left

rFire  . . .     SeeInvis .     a - +0 falchion
rCold  . . .     Gourm    .     b - +0 leather armour
rNeg   . . .     Faith    .     (no shield)
rPois  .         Spirit   .     (no helmet)
rElec  .         Dismiss  .     (no cloak)
rCorr  .         Reflect  .     (no gloves)
SustAt .         Harm     .     (no boots)
MR     .....                    (no amulet)
Stlth  +.........               (no ring)
                                (no ring)

@: not resistant to hostile enchantments, very unstealthy
A: no striking features
a: no special abilities


You were on level 2 of the Dungeon.
You were not hungry.

You visited 1 branch of the dungeon, and saw 2 of its levels.

You collected 24 gold pieces.

Inventory:

Hand Weapons
 a - a +0 falchion (weapon)
Missiles
 h - 41 arrows
 i - 13 bolts
 j - 7 javelins (quivered)
Armour
 b - a +0 leather armour (worn)
Scrolls
 g - 2 scrolls of random uselessness
Potions
 m - a potion of cure mutation
Books
 c - a book of Battle

   Spells                             Type                      Level
   a - Infusion                       Charms                       1
   b - Shroud of Golubria             Charms/Translocation         2
   c - Song of Slaying                Charms                       2
   d - Spectral Weapon                Hexes/Charms                 3
   e - Regeneration                   Charms/Necromancy            3
Comestibles
 d - 2 bread rations
 k - a meat ration
 l - a beef jerky


   Skills:
 + Level 2.0 Fighting
 * Level 3.0 Long Blades
 + Level 1.0 Armour
 + Level 1.2 Dodging
 + Level 0.5 Stealth
 + Level 3.1 Spellcasting
 + Level 4.4 Charms


You had 5 spell levels left.
You knew the following spells:

 Your Spells              Type           Power        Failure   Level  Hunger
a - Infusion              Chrm           ###.         4%          1    #......
b - Song of Slaying       Chrm           ###.....     10%         2    ##.....


Dungeon Overview and Level Annotations

Branches:
Dungeon (2/15)

Altars:


Message History

The giant cockroach bites you but does no damage.
The giant cockroach bites you.
* * * LOW HITPOINT WARNING * * *
You barely miss the giant cockroach.
The giant cockroach is heavily wounded.
The giant cockroach misses you.
You hit the giant cockroach but do no damage.
The giant cockroach is heavily wounded.
The giant cockroach barely misses you.
You barely miss the giant cockroach.
The giant cockroach is heavily wounded.
The giant cockroach barely misses you. The giant cockroach bites you.
* * * LOW HITPOINT WARNING * * *
You hit the giant cockroach.
You kill the giant cockroach!
A gnoll comes into view. It is wielding a club.
The gnoll shouts!
The gnoll shouts!
The gnoll hits you with a club.
You die...

#.# ###. #.#
....####.#
.........#
###..##).# ##
#..##..# .
####...#..# .
...<..[#.)#####
.#
.......<....g@#
##b#
......g..####.#
... ###.#..#.#
#.######b# #
#..#.#
#...bbbb.#
#..#.#
########b#
##.#.# .# #.#.#
b# .. .# .# .#


You could see 2 gnolls.

Vanquished Creatures
  A gnoll (D:2)
  An adder (D:2)
  2 oozes (D:1)
  2 giant cockroaches
  2 goblins (D:1)
  A hobgoblin (D:1)
  4 jackals (D:1)
  3 kobolds (D:1)
  2 bats (D:1)
18 creatures vanquished.

Notes
Turn   | Place    | Note
--------------------------------------------------------------
     0 | D:1      | SlimeFever the High Elf Skald began the quest for the Orb.
     0 | D:1      | Reached XP level 1. HP: 14/14 MP: 4/4
   227 | D:1      | Reached XP level 2. HP: 19/19 MP: 1/6
   239 | D:1      | Reached skill level 4 in Charms
   261 | D:1      | Learned a level 2 spell: Song of Slaying
   653 | D:2      | Reached XP level 3. HP: 7/24 MP: 4/8
   676 | D:2      | HP: 1/36 [poisoned by an adder]
   818 | D:2      | Reached skill level 1 in Armour
   862 | D:2      | Slain by a gnoll

Vault maps used:
D:1:      tarquinn_simple_flora_water_f
D:2:      old_standard_altar, first_bread, uniq_terence, uniq_jessica

Skill      XL: |  1  2  3 |
---------------+----------+-----
Charms         | 4 |  4.4
Spellcasting   | 3 |  3.1
Long Blades    | 3 |  3.0
Armour         | 1 |  1.0
Fighting       | |  2.0
Dodging        | |  1.2
Stealth        | |  0.5

Action                   || total
-------------------------++-------
Melee: Falchion          ||    52
 Cast: Infusion          ||     9
  Use: Scroll            ||     3
       Potion            ||     1
